 Dungeon Crawl Stone Soup version 0.32-a0-875-g23b751d0ae (webtiles) character file.

Game seed: 17448948965926412888

6759 Glaciallarry the Cleaver (level 10, -9/93 HPs)
             Began as a Mountain Dwarf Fighter on Mar 31, 2024.
             Was a High Priest of Okawaru.
             Mangled by Snorg (24 damage)
             ... on level 10 of the Dungeon.
             The game lasted 00:26:15 (10082 turns).

Glaciallarry the Cleaver (Mountain Dwarf Fighter)  Turns: 10082, Time: 00:26:15

Health: -9/93      AC: 15    Str: 19    XL:     10   Next: 75%
Magic:  12/14      EV: 10    Int:  9    God:    Okawaru [*****.]
Gold:   433        SH: 11    Dex: 13    Spells: 9/9 levels left

rFire   + . .        a - +0 war axe
rCold   . . .        c - +0 buckler
rNeg    . . .        z - +1 scale mail {rF+}
rPois   +            j - +2 helmet
rElec   .            (no cloak)
rCorr   +            y - +0 pair of gloves
SInv    .            (no boots)
Will    +....        G - amulet of reflection
Stlth   ++           I - ring of poison resistance
HPRegen 0.35/turn    b - ring of resist corrosion
MPRegen 0.14/turn

%: reflection
@: mighty, heroic
A: runic magic, artefact enchanting
a: Renounce Religion, Heroism, Finesse, Duel


You were on level 10 of the Dungeon.
You worshipped Okawaru.
Okawaru was extremely pleased with you.
You visited 2 branches of the dungeon, and saw 11 of its levels.

You collected 685 gold pieces.
You spent 252 gold pieces at shops.

Inventory:

Hand Weapons
 a - a +0 war axe (weapon)
 g - a +3 mace
 v - a +0 dagger of venom
 K - a +0 battleaxe
 Q - the +6 morningstar of Qocaosmegoi {elec, rCorr Stlth+}
   (You found it on level 8 of the Dungeon)

   rCorr:     It protects you from acid and corrosion.
   Stlth+:    It makes you more stealthy.
Missiles
 B - 5 poisoned darts (quivered)
 N - 7 javelins
 V - 5 boomerangs
Armour
 c - a +0 buckler (worn)
 j - a +2 helmet (worn)
 o - a +1 leather armour of poison resistance
 y - a +0 pair of gloves (worn)
 z - a +1 scale mail of fire resistance (worn)
 W - +0 acid dragon scales
Jewellery
 b - a ring of resist corrosion (right hand)
 d - a ring of ice
 f - a ring of see invisible
 n - a ring of fire
 G - an amulet of reflection (around neck)
 I - a ring of poison resistance (left hand)
 J - a ring of ice
Wands
 P - a wand of mindburst (5)
 R - a wand of iceblast (10)
 S - a wand of paralysis (11)
 X - a wand of quicksilver (5)
Scrolls
 h - a scroll of immolation
 i - a scroll of teleportation
 l - 3 scrolls of fog
 q - 3 scrolls of vulnerability {unknown}
 t - 2 scrolls of noise {unknown}
 w - 3 scrolls of amnesia {unknown}
 x - a scroll of revelation {unknown}
 D - 4 scrolls of poison {unknown}
 F - 3 scrolls of enchant weapon {unknown}
 H - a scroll of fear {unknown}
 O - 2 scrolls of blinking {unknown}
 U - a scroll of enchant armour
Potions
 e - a potion of ambrosia
 k - 2 potions of cancellation
 m - 2 potions of lignification
 p - 4 potions of enlightenment
 r - 3 potions of curing
 s - a potion of invisibility {unknown}
 u - 2 potions of degeneration
 A - a potion of attraction {unknown}
 C - a potion of mutation {unknown}
 E - a potion of brilliance
 L - a potion of magic {unknown}
 M - a potion of berserk rage {unknown}


   Skills:
 - Level 10.0(15.0) Fighting
 - Level 12.0(17.0) Axes
 + Level 7.1(12.1) Armour
 - Level 3.0(8.0) Stealth
 - Level 5.0(10.0) Shields
 - Level 6.0 Invocations
 + Level 4.8 Evocations


You had 9 spell levels left.
You didn't know any spells.
Your spell library contained the following spells:

 Spells                   Type           Power      Damage    Failure   Level
 Ensorcelled Hibernation  Hex/Ice        0%         N/A       65%         2
 Scorch                   Fire           0%         2d5       65%         2
 Passwall                 Erth           0%         N/A       87%         3
 Swiftness                Air            0%         N/A       87%         3
 Plasma Beam              Fire/Air       0%         2x1d10    100%        6
 Fire Storm               Conj/Fire      0%         5d1       100%        9
 Summon Ice Beast         Ice/Summ       Unusable   N/A       N/A         3

Dungeon Overview and Level Annotations

Branches:
Dungeon (10/15)            Temple (1/1) D:4
   Lair: D:8-11         Orc: D:9-12

Altars:
Ashenzari
Cheibriados
Dithmenos
Elyvilon
Fedhas
Gozag
Hepliaklqana
Kikubaaqudgha
Makhleb
Nemelex Xobeh
Okawaru
Qazlal
Ru
Sif Muna
Trog
Uskayaw
Vehumet
Wu Jian
Xom
Yredelemnul
The Shining One

Shops:
D:6 :*!(:

Annotations:
D:10 Snorg


Innate Abilities, Weirdness & Mutations

Your spellcasting is much less encumbered by armour.
You can use scrolls of enchantment on lesser artefacts.


Message History

You slash Snorg!
Snorg is lightly wounded.
Snorg completely misses you. Snorg claws you.
Snorg claws you but does no damage.
You barely miss Snorg.
Snorg is lightly wounded.
Snorg bites you but does no damage. Snorg completely misses you.
Snorg barely misses you.
You slash Snorg!
Snorg is moderately wounded.
You block Snorg's attack. x2; Snorg barely misses you.
Snorg bites you! Snorg claws you. Snorg claws you!
You slash Snorg!
Snorg is moderately wounded.
You block Snorg's attack. x2; Snorg claws you but does no damage.
You slash Snorg!
Snorg is moderately wounded.
Snorg barely misses you. Snorg claws you but does no damage.
Snorg barely misses you.
You feel very mighty all of a sudden.
Snorg looks more healthy.
Snorg bites you!! Snorg claws you but does no damage. Snorg closely misses you.
You block Snorg's attack. Snorg claws you!
* * * LOW HITPOINT WARNING * * *
Snorg claws you but does no damage.
You gain the combat prowess of a mighty hero.
Snorg closely misses you. Snorg claws you but does no damage. Snorg claws you.
* * * LOW HITPOINT WARNING * * *
You closely miss Snorg.
Snorg is moderately wounded.
Snorg barely misses you. You block Snorg's attack. x2
You slice Snorg!!
Snorg is heavily wounded.
Snorg bites you but does no damage. Snorg claws you.
* * * LOW HITPOINT WARNING * * *
Snorg claws you!
* * * LOW HITPOINT WARNING * * *
You slash Snorg!
Snorg is heavily wounded.
Snorg misses you.
Snorg barely misses you. x2; Snorg bites you!!
You die...

.(....... ....[....
........ #.(...#
###.....### +..........
#..T....... #..@.......
###.....##.
#########....##
#............#
#............# ....
#............# ....
##.....###...# #....
##.....####### #....
#........#...#########....


You could see Snorg (berserk).

Vanquished Creatures
  Pikel (D:9)
  Joseph (D:8)
  A troll (D:9)
  Sigmund (D:5)
  2 wyverns
  Eustachio (D:6)
  11 yaks
  2 steam dragons (D:8)
  An acid dragon (D:10)
  A water moccasin (D:7)
  3 ice beasts
  2 orc warriors
  3 black bears (D:5)
  An ogre (D:6)
  2 centaurs
  2 lemures (D:9)
  3 bullfrogs (D:8)
  8 scorpions
  3 wights (D:8)
  2 jellies (D:5)
  14 killer bees
  2 howler monkeys
  A bombardier beetle (D:4)
  A crimson imp (D:7)
  2 hounds
  A gnoll bouda (D:5)
  3 orc priests
  2 iguanas
  3 orc wizards
  Robin (D:4)
  8 gnolls
  3 adders
  2 white imps
  4 dart slugs
  22 orcs
  7 ball pythons
  5 endoplasms
  5 giant cockroaches
  13 goblins
  13 hobgoblins
  4 jackals (D:2)
  4 kobolds (D:1)
  10 quokkas
  13 bats
  6 frilled lizards
  23 rats
223 creatures vanquished.

Notes
Turn   | Place    | Note
-------+----------+-------------------------------------------
     0 | D:1      | Glaciallarry the Mountain Dwarf Fighter began the quest for
                  | the Orb.
     0 | D:1      | Reached XP level 1. HP: 19/19 MP: 1/1
   188 | D:1      | Reached XP level 2. HP: 25/26 MP: 2/2
   247 | D:1      | Reached skill level 3 in Axes
   405 | D:1      | Reached XP level 3. HP: 31/31 MP: 3/3
  1296 | D:2      | Got Fuumi's Almanac of Hyperthermia and Production
  1424 | D:2      | Reached XP level 4. HP: 31/38 MP: 4/4
  1430 | D:2      | Reached skill level 5 in Shields
  1431 | D:2      | Reached skill level 4 in Axes
  1962 | D:3      | Reached skill level 5 in Axes
  1962 | D:3      | Reached XP level 5. HP: 38/45 MP: 5/5
  2458 | D:4      | Reached skill level 6 in Axes
  2632 | D:4      | Found a staircase to the Ecumenical Temple.
  2680 | D:4      | Reached XP level 6. HP: 51/51 MP: 6/6
  2772 | Temple   | Entered the Ecumenical Temple
  2786 | Temple   | Became a worshipper of Warmaster Okawaru
  3001 | D:4      | Noticed Robin
  3017 | D:4      | Killed Robin
  3281 | D:4      | Reached skill level 7 in Axes
  3503 | D:5      | Entered Level 5 of the Dungeon
  3632 | D:5      | Reached skill level 8 in Axes
  3632 | D:5      | Reached skill level 1 in Invocations
  3632 | D:5      | Reached XP level 7. HP: 32/57 MP: 7/7
  3942 | D:5      | Noticed Sigmund
  4430 | D:5      | Reached * piety under Okawaru
  4647 | D:5      | Reached skill level 5 in Fighting
  4714 | D:5      | Reached ** piety under Okawaru
  4715 | D:5      | Reached skill level 5 in Invocations
  4852 | D:5      | Reached XP level 8. HP: 20/68 MP: 11/11
  5108 | D:5      | Killed Sigmund
  5109 | D:5      | Reached skill level 9 in Axes
  5528 | D:6      | Reached skill level 10 in Axes
  5609 | D:6      | Noticed Eustachio
  5646 | D:6      | Killed Eustachio
  5732 | D:6      | Found Nepymaff's Distillery.
  5739 | D:6      | Bought a potion of curing for 42 gold pieces
  5739 | D:6      | Bought a potion of ambrosia for 112 gold pieces
  5739 | D:6      | Bought a potion of curing for 42 gold pieces
  5739 | D:6      | Bought a potion of brilliance for 56 gold pieces
  5811 | D:6      | Found Vanoutil's General Store.
  5878 | D:6      | Found a sparkling altar of Nemelex Xobeh.
  6183 | D:6      | Found Ycukaeh's Weapon Shoppe.
  6207 | D:6      | Found Ejuixu's Book Shoppe.
  6431 | D:6      | Found Qiqedghu's Book Boutique.
  6902 | D:7      | Reached XP level 9. HP: 61/81 MP: 12/12
  7033 | D:7      | Reached skill level 5 in Armour
  7130 | D:7      | Reached *** piety under Okawaru
  7634 | D:8      | Reached skill level 11 in Axes
  7805 | D:8      | Noticed Joseph
  7816 | D:8      | Killed Joseph
  8172 | D:8      | Identified the +6 morningstar of Qocaosmegoi {elec, rCorr
                  | Stlth+}
  8403 | D:9      | Reached **** piety under Okawaru
  8409 | D:9      | Reached skill level 10 in Fighting
  8588 | D:9      | Reached XP level 10. HP: 40/93 MP: 14/14
  9016 | D:9      | Reached skill level 12 in Axes
  9041 | D:9      | Reached skill level 1 in Evocations
  9044 | D:9      | Reached skill level 1 in Stealth
  9053 | D:9      | Reached ***** piety under Okawaru
  9204 | D:9      | Noticed Pikel
  9242 | D:9      | Killed Pikel
  9242 | D:9      | Received a gift from Okawaru
  9304 | D:9      | Found a shimmering altar of Xom.
  9452 | D:10     | Entered Level 10 of the Dungeon
  9458 | D:10     | Found a white marble altar of Elyvilon.
  9459 | D:10     | Found a sacrificial altar of Ru.
  9461 | D:10     | Found a hazy altar of Hepliaklqana.
  9461 | D:10     | Found a bloodstained altar of Trog.
  9463 | D:10     | Found an ancient bone altar of Kikubaaqudgha.
  9464 | D:10     | Found a snail-covered altar of Cheibriados.
 10065 | D:10     | Noticed Snorg
 10082 | D:10     | Mangled by Snorg

Illustrated notes

Levels and vault maps discovered:
D:1:      hellmonk_arrival_library, layout_loops_corners, st_stairs_11,
          minmay_vboxes
D:2:      layout_rooms, minmay_puff
D:3:      layout_loops_cross, minmay_misc_feat_ornament, minmay_rat_hole
D:4:      layout_basic, minmay_temple_entry_mist, kennysheep_doodads, uniq_robin
D:5:      layout_gridville, chequers_mini_garden, uniq_sigmund
D:6:      layout_basic, nemelex_dance_club_becter, serial_shops,
          nicolae_inconvenience_store, kennysheep_mini_moat,
          nicolae_shop_competitors_out_of_business, nicolae_lakefront_shop,
          nicolae_shop_pleasant_corner_grove, uniq_eustachio
D:7:      layout_basic, minmay_fire_ice_demons
D:8:      layout_gridville, uniq_joseph
D:9:      old_forge, layout_rooms, mainiacjoe_overflow_catwalk, uniq_pikel
D:10:     layout_gridville, grunt_temple_overflow_open, zin_angel, minivault_24,
          hangedman_decor_clover_reticule, uniq_snorg
Temple:   hellmonk_temple_forest_ring

Skill      XL: |  1  2  3  4  5  6  7  8  9 10 |
---------------+-------------------------------+-----
Shields        | 4 5 |  5.0
Axes           | 3 5 6 8 10 11 12 | 12.0
Invocations    | 1 5 6 |  6.0
Fighting       | 5 8 10 | 10.0
Armour         | 4 5 7 |  7.1
Evocations     | 4 |  4.8
Stealth        | 3 |  3.0

Action                     |  1- 3 |  4- 6 |  7- 9 | 10-12 || total
---------------------------+-------+-------+-------+-------++-------
  Melee: War axe           |   112 |   205 |   418 |   220 ||   955
  Throw: Dart              |       |       |     6 |     4 ||    10
 Invoke: Heroism           |       |       |     1 |     1 ||     2
    Use: Potion            |       |     1 |     4 |     1 ||     6
         Scroll            |       |       |     7 |     2 ||     9
 Armour: Scale mail        |   105 |   181 |   331 |   131 ||   748
         Skin              |       |       |    20 |       ||    20
  Dodge: Dodged            |    41 |    86 |   162 |    59 ||   348
  Block: Buckler           |    31 |    51 |   212 |    89 ||   383
         Reflection        |       |       |     8 |     1 ||     9

Table legend: (Time is in decaauts)
 A = Elapsed time spent in this place.
 B = Non-inter-level travel time spent in this place.
 C = Inter-level travel time spent in this place.
 D = Time resting spent in this place.
 E = Time spent auto-exploring this place.
 F = Levels seen in this place.
 G = Mean time per level.
                   A        B        C        D        E       F      G
               +--------+--------+--------+--------+--------+-----+--------+
         Total |  10174 |   9972 |    202 |    140 |   7633 |  11 |  924.9 |
       Dungeon |  10147 |   9945 |    202 |    140 |   7633 |  10 | 1014.7 |
        Temple |     26 |     26 |      0 |      0 |      0 |   1 |   26.0 |
               +--------+--------+--------+--------+--------+-----+--------+

Top non-repeatable levels by time:
     D:5: 1699 daAuts
     D:4: 1290 daAuts
     D:6: 1128 daAuts
     D:9: 1060 daAuts
     D:1: 999 daAuts
     D:7: 934 daAuts
     D:8: 909 daAuts
     D:3: 795 daAuts
     D:2: 707 daAuts
    D:10: 622 daAuts
  Temple: 26 daAuts
